AoeStats
← Kulkrein

Black Forest

508462145Analyzed
2v2 RM · 10d ago on Sep 22, 2026· 73m 30s· 4 players
Game mode
Random Map
Map size
Medium (4 player)
Population
200
Speed
Normal
Resources
Standard
Victory
Conquest
Starting age
Dark Age
Ending age
Imperial Age
RankedLock teamsTeams togetherTeam positionsShared explorationLock speedFull tech treeHidden civsTurbo modeCheats
Victory
Defeat
🇮🇹 Poles · Italy
871
+37
🇮🇹 Khmer · Italy
818
+15
🇺🇸 Khmer · United States
829
-15
🇨🇳 Persians · China
779
-13
Leeeroy__Jenkins
0:28 Loom
12:37 Feudal Age
13:16 Double-Bit Axe
19:44 Castle Age
18:45 Horse Collar
20:52 Bow Saw
21:59 Caravan
22:31 Gold Mining
23:09 Stone Mining
27:09 Gold Shaft Mining
28:50 Heavy Plow
30:26 Stone Shaft Mining
35:59 Husbandry
36:10 Bloodlines
36:14 Murder Holes
板蓝根
2:23 Loom
15:05 Feudal Age
16:02 Double-Bit Axe
17:25 Gold Mining
17:28 Stone Mining
27:52 Man-at-Arms
28:49 Bloodlines
28:38 Horse Collar
33:09 Castle Age
32:50 Fletching
33:44 Wheelbarrow
33:06 Pikeman
33:49 Squires
33:35 Arson
34:28 Gold Shaft Mining
34:31 Stone Shaft Mining
34:14 Bow Saw
35:24 Hand Cart
34:35 Light Cavalry
35:21 Heavy Plow
36:17 Murder Holes
36:43 Ballistics
36:12 Town Watch
38:25 Town Patrol
42:19 Imperial Age
41:58 Elite War Elephant
44:14 Chemistry
44:55 Capped Ram
44:59 Onager
45:45 Elite Skirmisher
46:35 Kamandaran
46:46 Citadels
46:57 Conscription
46:11 Sappers
48:03 Hussar
48:09 Halberdier
48:15 Crossbowman
49:01 Thumb Ring
50:01 Heavy Scorpion
50:03 Siege Ram
52:10 Scale Barding Armor
52:02 Bodkin Arrow
53:08 Parthian Tactics
70:53 Chain Barding Armor
Kulkrein
0:28 Loom
13:47 Feudal Age
15:08 Wheelbarrow
15:21 Double-Bit Axe
21:45 Castle Age
19:45 Horse Collar
20:39 Padded Archer Armor
20:40 Scale Mail Armor
20:50 Scale Barding Armor
20:57 Forging
22:51 Husbandry
22:21 Man-at-Arms
23:31 Heavy Plow
24:45 Iron Casting
25:03 Gold Mining
26:02 Bow Saw
26:12 Long Swordsman
26:56 Squires
27:40 Town Watch
28:46 Ballistics
28:24 Murder Holes
29:24 Stone Mining
30:23 Chain Barding Armor
30:04 Scale Mail Armor
30:04 Padded Archer Armor
30:08 Fletching
30:19 Padded Archer Armor
31:34 Stone Shaft Mining
30:48 Arson
33:09 Bodkin Arrow
33:27 Masonry
33:01 Treadmill Crane
33:45 Szlachta Privileges
34:18 Hand Cart
34:29 Husbandry
34:41 Bloodlines
33:52 Light Cavalry
35:09 Scale Mail Armor
36:44 Coinage
36:16 Caravan
36:07 Crossbowman
37:20 Thumb Ring
39:32 Chain Mail Armor
39:33 Leather Archer Armor
42:18 Imperial Age
39:26 Pikeman
39:30 Crossbowman
40:32 Light Cavalry
40:34 Elite Skirmisher
44:06 Blast Furnace
43:09 Bracer
43:42 Plate Mail Armor
44:58 Crop Rotation
46:09 Chemistry
45:16 Siege Engineers
44:46 Two-Handed Swordsman
46:01 Conscription
46:03 Cavalier
47:48 Devotion
47:52 Capped Ram
49:19 Two-Handed Swordsman
50:29 Champion
51:27 Elite Obuch
53:28 Lechitic Legacy
59:42 Winged Hussar
63:44 Heavy Cavalry Archer
64:08 Arbalester
Gireb2611
0:28 Loom
15:17 Feudal Age
17:05 Wheelbarrow
17:33 Double-Bit Axe
18:29 Gold Mining
23:45 Horse Collar
25:55 Stone Mining
29:51 Castle Age
27:37 Town Watch
29:29 Forging
29:25 Scale Barding Armor
29:21 Scale Mail Armor
29:12 Fletching
29:40 Bloodlines
29:33 Scale Mail Armor
29:24 Fletching
31:20 Husbandry
30:41 Light Cavalry
33:45 Town Patrol
35:37 Bow Saw
36:05 Gold Shaft Mining
36:06 Stone Shaft Mining
35:55 Heavy Plow
36:59 Hand Cart
39:54 Caravan
40:25 Coinage
40:32 Iron Casting
40:13 Chain Mail Armor
39:54 Bodkin Arrow
48:58 Imperial Age
49:12 Capped Ram
49:13 Heavy Scorpion
50:23 Siege Ram
52:58 Blast Furnace
52:19 Chain Barding Armor
52:00 Bracer
53:10 Banking
54:03 Conscription
53:44 Double Crossbow
53:05 Elite Ballista Elephant
55:22 Crop Rotation
58:13 Plate Barding Armor
59:35 Chemistry
58:32 Murder Holes
58:47 Fortified Wall
58:58 Ballistics
61:03 Tusk Swords
64:27 Pikeman
65:55 Halberdier
Connection lost

Rejoining the realm…

Still unreachable

The connection could not be restored.

Session expired

The server has moved on; the page needs a fresh start.